 Dungeon Crawl Stone Soup version 0.31.0-11-ge490571c62 (webtiles) character file.

Game seed: 14309403450041965182

7 SnakkuSnakku7 the Magician (level 1, -4/16 HPs)
             Began as an Armataur Hedge Wizard on Jan 27, 2024.
             Slain by a gnoll
             ... wielding a +0 flail
              (7 damage)
             ... on level 1 of the Dungeon.
             The game lasted 00:00:24 (279 turns).

SnakkuSnakku7 the Magician (Armataur Hedge Wizard)   Turns: 279, Time: 00:00:25

Health: -4/16      AC:  4    Str: 15    XL:     1   Next: 83%
Magic:  4/4        EV:  9    Int: 14    God:
Gold:   25         SH:  0    Dex:  9    Spells: 4/5 levels left

rFire   . . .        a - +0 dagger
rCold   . . .        (no shield)
rNeg    . . .        b - +0 robe
rPois   .            c - +0 hat
rElec   .            (no cloak)
rCorr   .            (no gloves)
SInv    .            (no barding)
Will    .....        (no amulet)
Stlth   ++           (no ring)
HPRegen 0.22/turn    (no ring)
MPRegen 0.75/turn

%: roll
@: no status effects
A: large, deformed body, tough skin 3, armoured tail, roll 1
a: no special abilities


You were on level 1 of the Dungeon.
You visited 1 branch of the dungeon, and saw 1 of its levels.

You collected 25 gold pieces.

Inventory:

Hand Weapons
 a - a +0 dagger (weapon)
Armour
 b - a +0 robe (worn)
 c - a +0 hat (worn)
Potions
 d - a potion of magic


   Skills:
 + Level 1.3 Fighting
 - Level 1.3 Dodging
 - Level 2.1 Stealth
 - Level 2.6 Spellcasting
 - Level 0.8 Conjurations
 - Level 0.7 Summonings
 - Level 1.0 Translocations


You had 4 spell levels left.
You knew the following spells:

 Your Spells              Type           Power      Damage    Failure   Level
a - Magic Dart            Conj           16%        1d3       16%         1

Your spell library contained the following spells:

 Spells                   Type           Power      Damage    Failure   Level
 Slow                     Hex            4%         N/A       22%         1
 Blink                    Tloc           8%         N/A       22%         2
 Call Imp                 Summ           6%         N/A       26%         2
 Cigotuvi's Dreadful Rot  Necr/Alch/Air  2%         N/A       32%         2
 Mephitic Cloud           Conj/Alch/Air  2%         N/A       52%         3


Dungeon Overview and Level Annotations

Branches:
Dungeon (1/15)

Altars:


Innate Abilities, Weirdness & Mutations

Armour fits poorly on your strangely shaped body.
You have extremely tough skin. (AC +3)
You have a long armoured tail.
You regenerate magic when rolling toward enemies. (Rampage MPRegen)


Message History

You hit the endoplasm but do no damage.
The endoplasm is severely wounded.
The bat hits you but does no damage. The endoplasm barely misses you.
You hit the endoplasm. You tail-slap the endoplasm.
You kill the endoplasm!
The bat barely misses you.
You hit the bat.
The bat is moderately wounded.
The bat hits you but does no damage. The bat completely misses you.
You hit the bat.
Your tail-slap misses the bat.
The bat is heavily wounded.
The bat closely misses you.
You miss the bat.
The bat is heavily wounded.
The bat barely misses you.
You hit the bat.
You kill the bat!
No target in view!
No target in view!
You see here a bat corpse.
Found 11 gold pieces.
You now have 25 gold pieces (gained 11).
A gnoll comes into view. It is wielding a +0 flail.
A gnoll is nearby!
A gnoll is nearby!
You roll towards the gnoll!
You roll towards the gnoll!
You hit the gnoll but do no damage.
Your tail-slap misses the gnoll.
The gnoll hits you with a +0 flail!
Ouch! That really hurt!
You closely miss the gnoll. The gnoll hits you with a +0 flail.
* * * LOW HITPOINT WARNING * * *
You hit the gnoll.
The gnoll is moderately wounded.
The gnoll hits you with a +0 flail.
* * * LOW HITPOINT WARNING * * *
You hit the gnoll.
The gnoll is moderately wounded.
The gnoll hits you with a +0 flail!
You die...

### #.. ####### #.#
......# #.#######
......# #..g@...#
......# #.#####.#
......# #.#
......#######.###
......##........#
......##.####.#.###.#
†.....##.#..........#
.........#.##.......#
.##......#......###.#


You could see a gnoll.

Vanquished Creatures
  A bat (D:1)
  An endoplasm (D:1)
  A goblin (D:1)
  A hobgoblin (D:1)
  A kobold (D:1)
5 creatures vanquished.

Notes
Turn   | Place    | Note
-------+----------+-------------------------------------------
     0 | D:1      | SnakkuSnakku7 the Armataur Hedge Wizard began the quest for
                  | the Orb.
     0 | D:1      | Reached XP level 1. HP: 14/14 MP: 4/4
    90 | D:1      | Reached skill level 1 in Fighting
   279 | D:1      | Slain by a gnoll

Illustrated notes

Levels and vault maps discovered:
D:1:      mainiacjoe_arrival_reflecting_pool, layout_basic

Skill      XL: |  1 |
---------------+----+-----
Fighting       | 1 |  1.3
Dodging        | |  1.3
Stealth        | |  2.1
Spellcasting   | |  2.6
Conjurations   | |  0.8
Summonings     | |  0.7
Translocations | |  1.0

Action                     || total
---------------------------++-------
  Melee: Dagger            ||    26
         Tailslap          ||     4
   Cast: Magic Dart        ||     4
 Armour: Robe              ||    25
  Dodge: Dodged            ||    14
